 Seeded DCSS version 0.30.1-9-gdf580d7c3d (webtiles) character file.

Game seed: 18254337500924086558 (custom seed)

44 Psyclone the Conjurer (level 3, 19/19 HPs)
             Began as a Deep Elf Conjurer on Oct 22, 2023.
             Quit the game on level 1 of the Dungeon.
             The game lasted 00:01:43 (1045 turns).

Psyclone the Conjurer (Deep Elf Conjurer)           Turns: 1045, Time: 00:01:44

Health: 19/19      AC:  4    Str:  8    XL:     3   Next: 41%
Magic:  10/10      EV: 12    Int: 23    God:
Gold:   63         SH:  0    Dex: 12    Spells: 7/10 levels left

rFire   . . .        c - +1 hand axe (elec)
rCold   . . .        (no shield)
rNeg    . . .        a - +0 robe
rPois   .            d - +1 helmet
rElec   .            (no cloak)
rCorr   .            (no gloves)
SInv    .            (no boots)
Will    .....        j - amulet of the acrobat
Stlth   ++           (no ring)
HPRegen 0.23/turn    (no ring)
MPRegen 0.12/turn

%: acrobat
@: no status effects
A: strong 1
a: no special abilities


You were on level 1 of the Dungeon.
You visited 1 branch of the dungeon, and saw 1 of its levels.

You collected 63 gold pieces.

Inventory:

Hand Weapons
 c - a +1 hand axe of electrocution (weapon)
Armour
 a - a +0 robe (worn)
 d - a +1 helmet (worn)
Jewellery
 j - an amulet of the acrobat (around neck)
Scrolls
 e - a scroll of noise {unknown}
 h - a scroll of identify {unknown}
 k - a scroll of enchant armour {unknown}
Potions
 b - a potion of magic
 g - a potion of might {unknown}
 i - a potion of haste {unknown}


   Skills:
 - Level 2.4 Dodging
 - Level 2.4 Stealth
 + Level 4.3 Spellcasting
 + Level 5.1 Conjurations


You had 7 spell levels left.
You knew the following spells:

 Your Spells              Type           Power      Damage    Failure   Level
a - Magic Dart            Conj           100%       1d8       1%          1
b - Searing Ray           Conj           56%        2d6       1%          2

Your spell library contained the following spells:

 Spells                   Type           Power      Damage    Failure   Level
 Dazzling Flash           Conj/Hex       32%        N/A       11%         3
 Fulminant Prism          Conj/Hex       8%         3d6       34%         4
 Iskenderun's Mystic Bla  Conj/Tloc      16%        2d5       34%         4


Dungeon Overview and Level Annotations

Branches:
Dungeon (1/15) Zot: 4954

Altars:


Innate Abilities, Weirdness & Mutations

Your muscles are strong. (Str +4, Int/Dex -1)


Message History

Casting: Magic Dart (safe; 1% risk of failure)
Confirm with . or Enter, or press ? or * to list all spells.
Aiming: Magic Dart (safe; 1% risk of failure)
Press: ? - help, Shift-Dir - straight line, f - goblin
Aim: a goblin, wielding a +0 sling (wandering, hasn't noticed you, 100% to hit)
The magic dart hits the goblin.
You kill the goblin!
You now have 9/10 mp.
Casting: Magic Dart (safe; 1% risk of failure)
Confirm with . or Enter, or press ? or * to list all spells.
You can't see any susceptible monsters within range! (Use Z to cast anyway.) Unknown command.
Casting: Magic Dart (safe; 1% risk of failure)
Confirm with . or Enter, or press ? or * to list all spells.
You can't see any susceptible monsters within range! (Use Z to cast anyway.) Unknown command.
Casting: Magic Dart (safe; 1% risk of failure)
Confirm with . or Enter, or press ? or * to list all spells.
You can't see any susceptible monsters within range! (Use Z to cast anyway.) Unknown command.
Things that are here:
a +0 sling; a +0 club
k - a scroll labelled ASIKKE FOXKOSO MP restored: 10
Things that are here:
a +0 dagger; 3 stones You see here a +0 leather armour.
There is an open door here.
There is an open door here.
There is an open door here.
There is an open door here.
There is an open door here.
There is an open door here.
You see here a +0 robe.
Done exploring.
It was a potion of mutation.
You feel extremely strange.
You feel stronger.
Unknown command.
Unknown command.
Are you sure you want to abandon this character and quit the game? (Confirm with "yes".)

.#.# #.#...##### ##.).........
##.# #...#.....# ###.###.####
#.# ###...###.# ###.###.# #.#
##.## #.# #.......#### #.# #.#
#.# #.#.##...... #.# #.####.#
#.#.##..####
##.########......#####.#.##.)#
....................##.#.##..#
########.##..##.@##.##.#.##..#
#.##..##..##.##.#[##..#
#.........##.##.#.##..#
#.##..##....>.....##..####
#.##...#####..............
#.###..#####....#.##.#####
#........)......#.##......
#.###..#####.#).#.#######.
#.###........#..#....# ##


There were no monsters in sight!

Vanquished Creatures
  A gnoll (D:1)
  A dart slug (D:1)
  4 ball pythons (D:1)
  An endoplasm (D:1)
  A giant cockroach (D:1)
  3 goblins (D:1)
  3 hobgoblins (D:1)
  6 jackals (D:1)
  3 quokkas (D:1)
  A bat (D:1)
  2 frilled lizards (D:1)
  2 kobolds (D:1)
28 creatures vanquished.

Notes
Turn   | Place    | Note
-------+----------+-------------------------------------------
     0 | D:1      | Psyclone the Deep Elf Conjurer began the quest for the Orb.
     0 | D:1      | Reached XP level 1. HP: 10/10 MP: 6/6
   137 | D:1      | Reached XP level 2. HP: 15/15 MP: 2/8
   140 | D:1      | Learned a level 2 spell: Searing Ray
   489 | D:1      | Reached XP level 3. HP: 19/19 MP: 4/10
   490 | D:1      | Reached skill level 5 in Conjurations
   698 | D:1      | Found a faded altar of an unknown god.
  1044 | D:1      | Gained mutation: Your muscles are strong. (Str +4, Int/Dex
                  | -1) [potion of mutation]
  1045 | D:1      | Quit the game

Illustrated notes

Levels and vault maps discovered:
D:1:      evilmike_arrival_rings, layout_loops_ring,
          hellmonk_ecumenical_altar_pennies_from_heaven

Skill      XL: |  1  2  3 |
---------------+----------+-----
Spellcasting   | 4 |  4.3
Conjurations   | 5 |  5.1
Dodging        | |  2.4
Stealth        | |  2.4

Action                     || total
---------------------------++-------
   Cast: Magic Dart        ||    47
    Use: Potion            ||     1
